 Dungeon Crawl Stone Soup version 0.28.0-1-gb440e238dd (webtiles) character file.

Game seed: 6596219852844329930

102 issech the Cudgeller (level 4, -9/45 HPs)
             Began as a Troll Monk on Feb 20, 2022.
             Killed by nerve-wracking pain
             ... invoked by an orc priest
              (14 damage)
             ... on level 3 of the Dungeon.
             The game lasted 00:05:32 (1647 turns).

issech the Cudgeller (Troll Monk)                   Turns: 1647, Time: 00:05:33

Health: -9/45      AC:  4    Str: 19    XL:     4   Next: 49%
Magic:  3/3        EV: 10    Int:  6    God:
Gold:   98         SH:  0    Dex: 14    Spells: 3/3 levels left

rFire   . . .      SeeInvis .   a - +0 mace
rCold   . . .      Faith    .   (no shield)
rNeg    . . .      Spirit   .   b - +0 robe
rPois   .          Reflect  .   (helmet restricted)
rElec   .          Harm     .   (no cloak)
rCorr   .          Rampage  .   (gloves unavailable)
Will    .....                   (boots unavailable)
Stlth   ++........              (no amulet)
HPRegen 0.95/turn               (no ring)
MPRegen 0.08/turn               (no ring)

@: no status effects
A: large, unfitting armour, claws 3, regeneration 1, shaggy fur 1, tough skin 1
a: no special abilities


You were on level 3 of the Dungeon.
You visited 1 branch of the dungeon, and saw 3 of its levels.

You collected 98 gold pieces.

Inventory:

Hand Weapons
 a - a +0 mace (weapon)
Missiles
 d - 130 stones (quivered)
Armour
 b - a +0 robe (worn)
Wands
 k - a wand of iceblast (10)
Scrolls
 c - a scroll of teleportation {unknown}
 f - 2 scrolls of identify {unknown}
 j - a scroll of holy word {unknown}
Potions
 e - 2 potions of cancellation {unknown}
 g - a potion of resistance {unknown}
 h - a potion of heal wounds {unknown}
 i - 2 potions of curing {unknown}


   Skills:
 + Level 3.2 Fighting
 + Level 3.6 Maces & Flails
 + Level 3.0 Dodging
 + Level 1.1 Stealth


You had 3 spell levels left.
You didn't know any spells.
Your spell library contained the following spells:

 Spells                   Type           Power      Damage    Failure   Level
 Conjure Flame            Conj/Fire      0%         6-21      83%         3
 Ignite Poison            Fire/Tmut/Pois 0%         N/A       83%         3
 Sticky Flame             Conj/Fire      0%         2d3       99%         4


Dungeon Overview and Level Annotations

Branches:
Dungeon (3/15)

Altars:
Beogh

Shops:
D:1 ?[?


Innate Abilities, Weirdness & Mutations

You are too large for most types of armour.
You have claws for hands.
Your natural rate of healing is unusually fast.
You are covered in fur. (AC +1)
You have tough skin. (AC +1)


Message History

There is an escape hatch in the floor here.
There is a stone staircase leading up here.
Done exploring.
There is a stone staircase leading down here.
You climb downwards.
There is a stone staircase leading up here.
Found 31 stones.
d - 130 stones (gained 31)
You open the door.
An orc and 3 orc priests come into view.
The orc priest shouts! x3; The orc shouts!
Found 102 gold pieces.
Found a roughly hewn altar of Beogh.
The orc priest mumbles some strange prayers to Beogh against you.
Beogh smites you!
There is an open door here.
You hit the orc priest but do no damage.
The orc barely misses you. The orc priest closely misses you.
The orc barely misses you.
You hit the orc priest.
The orc priest is lightly wounded.
The orc priest mumbles some strange prayers to Beogh against you.
Pain shoots through your body!
You hit the orc priest.
The orc priest is moderately wounded.
The orc priest hits you with a +0 club.
The orc priest invokes the aid of Beogh against you.
Beogh smites you! The orc hits you but does no damage.
You hit the orc priest.
The orc priest is severely wounded.
The orc priest calls down the wrath of Beogh upon you.
Pain shoots through your body!
* * * LOW HITPOINT WARNING * * *
The orc hits you with a +0 dagger.
* * * LOW HITPOINT WARNING * * *
The orc priest hits you with a +0 club.
* * * LOW HITPOINT WARNING * * *
The orc priest hits you but does no damage.
The orc priest calls down the wrath of Beogh upon you.
Pain shoots through your body!
You die...

#. #.....# #.
#.#...#
#.#######.#.###
#...........#
####.####.###
#.# #.# #.# #.#
#.# #.# ####
#@#
##...##.####
#$8$8.#oo..#
#_$$..o.##.#
#$8$8o### #
##$$$# ####


You could see 2 orc priests and an orc.

Vanquished Creatures
  4 gnolls
  2 adders (D:2)
  A worm (D:2)
  An orc (D:2)
  5 ball pythons
  3 endoplasms (D:1)
  5 giant cockroaches (D:1)
  2 goblins
  4 hobgoblins
  7 kobolds
  A quokka (D:2)
  3 bats (D:2)
  A frilled lizard (D:1)
  2 rats (D:2)
41 creatures vanquished.

Notes
Turn   | Place    | Note
-------+----------+-------------------------------------------
     0 | D:1      | issech the Troll Monk began the quest for the Orb.
     0 | D:1      | Reached XP level 1. HP: 22/22 MP: 0/0
   221 | D:1      | Found Evyd's Antique Armour Emporium.
   253 | D:1      | Found Heurgh's Magic Scroll Boutique.
   314 | D:1      | Reached XP level 2. HP: 24/29 MP: 1/1
   438 | D:1      | Found Eliawept's Magic Scroll Shoppe.
   758 | D:2      | Reached XP level 3. HP: 31/36 MP: 2/2
   905 | D:2      | Reached XP level 4. HP: 21/45 MP: 3/3
  1647 | D:3      | Killed from afar by an orc priest

Illustrated notes

Levels and vault maps discovered:
D:1:      dpeg_cavernosity, layout_rooms, serial_shops, nicolae_lakefront_shop,
          nicolae_shop_window_shopping, shop
D:2:      layout_loops_ring
D:3:      layout_loops_ring, general_overflow_altar, biasface_ghost_orc_armoury,
          kennysheep_orc_chapel, uniq_grinder, uniq_jessica,
          uniq_crazy_yiuf_cottage, uniq_ijyb

Skill      XL: |  1  2  3  4 |
---------------+-------------+-----
Maces & Flails | 3 |  3.6
Fighting       | 3 |  3.2
Dodging        | 3 |  3.0
Stealth        | |  1.1

Action                   |  1- 3 |  4- 6 || total
-------------------------+-------+-------++-------
Melee: Mace              |    98 |    53 ||   151
       Punch             |     1 |       ||     1
 Stab: Sleeping          |       |     1 ||     1
Armor: Robe              |    34 |    30 ||    64
Dodge: Dodged            |    61 |    39 ||   100
